Map: Bel'Shir Vestige LE (Void)

Players

Fropez

  • Race: Protoss Protoss
  • League: Platinum
  • Spawn Location: 11:00

DaRealDeal - Winner!

  • Race: Protoss Protoss
  • League: Gold
  • Spawn Location: 5:00

VOD

Have the link to the VOD?

Description

Time

  • Played on: Jan. 26, 2017, 8:35 p.m.
  • Length: 14:32
Show
View Real Time Build Order
Export as new Build Order

Fropez Protoss 

Build Orders: 1 Gate Expand 

Get SALT Encoding   

  13  0:07  Probe (Chrono Boost)  
  13  0:17  Pylon  
  13  0:18  Probe (Chrono Boost)  
  15  0:28  Probe (Chrono Boost)  
  15  0:39  Probe (Chrono Boost), Gateway  
  16  0:45  Assimilator  
  16  0:49  Probe (Chrono Boost)  
  17  1:00  Probe (Chrono Boost)  
  18  1:10  Probe (Chrono Boost)  
  19  1:28  Nexus  
  19  1:34  Cybernetics Core  
  19  1:36  Probe (Chrono Boost)  
  20  1:42  Assimilator  
  20  1:50  Probe (Chrono Boost)  
  21  1:56  Pylon  
  21  2:01  Probe (Chrono Boost)  
  22  2:06  Warp Gate  
  22  2:08  Pylon  
  22  2:11  Probe (Chrono Boost)  
  23  2:26  Adept  
  25  2:36  Pylon, Probe (Chrono Boost)  
  26  2:43  Probe (Chrono Boost)  
  27  2:48  Probe (Chrono Boost)  
  28  2:55  Mothership Core (Chrono Boost)  
  30  3:01  Probe (Chrono Boost), Gateway  
  32  3:13  Probe (Chrono Boost)  
  32  3:17  Pylon  
  32  3:18  Gateway  
  32  3:19  Probe (Chrono Boost)  
  33  3:26  Probe (Chrono Boost)  
  36  3:27  Adept  
  36  3:28  Pylon  
  36  3:32  Probe (Chrono Boost)  
  36  3:33  Pylon  
  37  3:39  Probe (Chrono Boost)  
  38  3:45  Assimilator  
  38  3:47  Pylon  
  38  3:55  Pylon  
  38  4:18  Pylon  
  38  4:20  Stalker x3  
  38  4:23  Probe (Chrono Boost)  
  44  4:24  Probe (Chrono Boost)  
  44  4:28  Gateway  
  44  4:33  Gateway  
  44  4:34  Probe (Chrono Boost)  
  45  4:41  Probe (Chrono Boost)  
  45  4:45  Nexus  
  46  4:47  Pylon  
  46  4:49  Adept x3  
  52  5:02  Probe (Chrono Boost)  
  52  5:03  Forge, Probe (Chrono Boost)  
  54  5:11  Assimilator  
  54  5:12  Probe (Chrono Boost)  
  55  5:17  Probe (Chrono Boost)  
  56  5:23  Stalker x3  
  56  5:27  Pylon  
  62  5:43  Photon Cannon  
  62  5:51  Photon Cannon  
  62  5:53  Probe (Chrono Boost)  
  62  5:54  Probe (Chrono Boost)  
  62  5:57  Adept x3  
  70  6:04  Photon Cannon  
  70  6:12  Pylon  
  68  6:21  Protoss Ground Weapons Level 1  
  68  6:22  Probe (Chrono Boost)  
  68  6:23  Probe (Chrono Boost)  
  68  6:24  Probe (Chrono Boost)  
  65  6:26  Pylon  
  65  6:29  Pylon  
  65  6:30  Stalker x3  
  65  6:31  Stalker x2  
  75  6:34  Pylon x2  
  75  6:51  Twilight Council  
  75  6:52  Gateway  
  75  6:59  Stalker  
  75  7:00  Stalker x4  
  67  7:31  Stalker x3  
  67  7:32  Stalker x2  
  67  7:35  Probe x2 (Chrono Boost)  
  77  7:42  Gateway  
  77  7:43  Gateway  
  77  7:46  Pylon  
  77  7:48  Assimilator  
  77  7:50  Assimilator  
  77  7:51  Photon Cannon  
  77  7:52  Photon Cannon  
  77  7:54  Photon Cannon  
  77  7:57  Photon Cannon  
  77  7:58  Blink  
  75  8:07  Stalker x2  
  75  8:08  Stalker x2  
  83  8:26  Protoss Ground Weapons Level 2, Robotics Facility  
  83  8:28  Pylon  
  79  8:52  Probe x2 (Chrono Boost)  
  79  8:53  Probe (Chrono Boost)  
  79  8:54  Forge  
  79  8:55  Forge  
  82  8:56  Stalker  
  82  8:57  Stalker x3  
  82  9:02  Probe (Chrono Boost), Photon Cannon  
  91  9:12  Warp Prism  
  93  9:25  Protoss Ground Armor Level 1  
  93  9:26  Nexus  
  93  9:29  Protoss Shields Level 1  
  93  9:30  Pylon  
  93  9:35  Stalker x3  
  93  9:36  Stalker  
  101  9:58  Stalker x4  
  108  10:08  Stalker x2  
  112  10:18  Stalker x2  
  112  10:32  Observer  
  113  10:39  Mothership Core (Chrono Boost)  
  113  10:42  Adept x4  
  119  10:43  Adept x3  
  129  10:50  Probe x2 (Chrono Boost)  
  129  10:59  Probe (Chrono Boost)  
  129  11:03  Protoss Ground Weapons Level 3  
  128  11:06  Protoss Ground Armor Level 2  
  128  11:08  Protoss Shields Level 2  
  126  11:11  Nexus  
  126  11:14  Pylon  
  126  11:18  Pylon, Probe x3 (Chrono Boost)  
  129  11:30  Stalker x5  
  129  11:31  Stalker  
  141  11:45  Probe x3 (Chrono Boost)  
  144  11:49  Stalker x2  
  148  11:57  Probe (Chrono Boost)  
  149  12:02  Stalker x2  
  149  12:03  Stalker x3  
  149  12:31  Adept x2  
  149  12:32  Adept x6  
  129  12:39  Resonating Glaives  
  73  13:00  Stalker x3  
  73  13:01  Stalker x4  
  73  13:02  Stalker  
  85  13:23  Probe (Chrono Boost)  
  86  13:33  Probe (Chrono Boost)  
  86  13:34  Observer, Gateway  
  84  13:38  Gateway  
  84  13:40  Gateway  
  84  13:44  Probe (Chrono Boost)  
  84  13:45  Gateway  
  84  13:47  Pylon  
  85  13:51  Dark Shrine  
  85  13:54  Adept x3, Probe (Chrono Boost)  
  85  13:55  Adept x3  
  93  14:05  Probe (Chrono Boost)  
  84  14:14  Stalker x3  
  84  14:15  Stalker x2  
  74  14:19  Stalker x5  
Show
View Real Time Build Order
Export as new Build Order

DaRealDeal Protoss - Winner!

Build Orders: 1 Gate Expand, Oracle Opening 

Get SALT Encoding   

  12  0:03  Probe (Chrono Boost)  
  13  0:13  Probe (Chrono Boost)  
  14  0:20  Pylon  
  14  0:24  Probe (Chrono Boost)  
  15  0:32  Assimilator  
  15  0:38  Probe (Chrono Boost)  
  16  0:45  Gateway  
  16  0:49  Probe (Chrono Boost)  
  17  0:59  Probe (Chrono Boost)  
  18  1:10  Probe (Chrono Boost)  
  19  1:20  Probe (Chrono Boost)  
  20  1:28  Nexus  
  20  1:37  Probe (Chrono Boost)  
  20  1:39  Assimilator  
  21  1:48  Cybernetics Core  
  21  1:52  Probe (Chrono Boost)  
  22  2:02  Pylon  
  22  2:15  Probe (Chrono Boost)  
  23  2:24  Stargate  
  23  2:27  Probe (Chrono Boost)  
  24  2:32  Stalker, Warp Gate  
  26  2:38  Probe (Chrono Boost)  
  27  2:45  Probe (Chrono Boost)  
  27  2:48  Probe (Chrono Boost)  
  28  2:56  Probe (Chrono Boost)  
  29  3:03  Oracle  
  30  3:06  Probe (Chrono Boost)  
  30  3:07  Probe (Chrono Boost)  
  37  3:20  Probe (Chrono Boost), Mothership Core (Chrono Boost)  
  37  3:22  Stalker  
  37  3:25  Pylon  
  39  3:30  Probe (Chrono Boost)  
  40  3:40  Probe (Chrono Boost)  
  41  3:48  Pylon  
  41  3:52  Pylon  
  41  3:56  Probe (Chrono Boost)  
  41  3:58  Probe (Chrono Boost)  
  41  3:59  Gateway  
  41  4:01  Gateway  
  43  4:04  Gateway  
  42  4:18  Probe (Chrono Boost)  
  42  4:19  Probe (Chrono Boost)  
  44  4:28  Probe (Chrono Boost), Assimilator  
  44  4:29  Assimilator  
  46  4:31  Probe (Chrono Boost)  
  46  4:39  Probe (Chrono Boost)  
  46  4:42  Nexus  
  46  4:43  Probe (Chrono Boost)  
  45  4:49  Probe (Chrono Boost)  
  46  4:55  Probe (Chrono Boost)  
  46  4:58  Robotics Facility  
  47  5:03  Gateway  
  47  5:05  Pylon  
  47  5:09  Probe (Chrono Boost)  
  47  5:10  Probe (Chrono Boost)  
  47  5:13  Pylon  
  49  5:20  Probe (Chrono Boost)  
  51  5:21  Forge  
  51  5:22  Probe (Chrono Boost)  
  51  5:26  Stalker x2  
  55  5:30  Probe (Chrono Boost)  
  55  5:33  Stalker  
  55  5:35  Probe (Chrono Boost)  
  59  5:36  Stalker  
  59  5:41  Probe (Chrono Boost), Protoss Ground Weapons Level 1  
  62  5:45  Immortal  
  62  5:47  Probe (Chrono Boost)  
  63  5:52  Probe (Chrono Boost)  
  68  6:00  Void Ray  
  69  6:12  Stalker x2  
  69  6:27  Probe (Chrono Boost)  
  69  6:32  Stalker x2  
  73  6:36  Stalker x2  
  73  6:39  Probe (Chrono Boost)  
  78  6:45  Probe x2 (Chrono Boost)  
  80  6:51  Probe (Chrono Boost)  
  81  6:57  Probe x2 (Chrono Boost)  
  81  7:03  Probe (Chrono Boost)  
  82  7:09  Probe x2 (Chrono Boost)  
  79  7:15  Probe (Chrono Boost)  
  79  7:21  Probe (Chrono Boost)  
  60  7:32  Stalker  
  60  7:33  Stalker x4  
  64  7:42  Gateway  
  64  7:45  Pylon  
  64  7:46  Pylon  
  64  7:47  Probe x3 (Chrono Boost)  
  64  7:48  Gateway  
  67  7:54  Photon Cannon  
  67  7:57  Stalker x2  
  67  7:58  Stalker x3  
  76  7:59  Probe x3 (Chrono Boost), Photon Cannon  
  76  8:04  Immortal  
  74  8:21  Stalker x4  
  74  8:22  Stalker  
  86  8:29  Mothership Core (Chrono Boost)  
  86  8:32  Probe x2 (Chrono Boost)  
  86  8:43  Stalker x2  
  86  8:45  Immortal  
  86  8:46  Stalker x5  
  104  8:57  Pylon  
  104  9:09  Stalker x4  
  112  9:10  Stalker x2  
  116  9:20  Protoss Ground Armor Level 1  
  116  9:39  Twilight Council  
  116  9:44  Stalker x3  
  116  9:45  Stalker  
  124  10:24  Stalker  
  124  10:28  Pylon  
  124  10:31  Immortal  
  124  10:33  Pylon  
  124  10:35  Pylon  
  124  10:37  Pylon  
  124  10:39  Blink  
  124  10:41  Stalker x3  
  124  10:57  Nexus  
  124  11:01  Robotics Bay  
  120  11:06  Protoss Ground Armor Level 2  
  120  11:08  Stalker x5  
  120  11:09  Stalker x2  
  120  11:11  Immortal  
  136  11:12  Nexus  
  136  11:16  Pylon  
  136  11:20  Pylon  
  136  11:24  Probe x2 (Chrono Boost)  
  138  11:38  Assimilator  
  138  11:43  Assimilator  
  138  11:48  Stalker  
  138  11:49  Stalker x5  
  138  11:52  Stalker  
  152  12:27  Stalker x2  
  152  12:28  Stalker x4  
  152  12:29  Stalker  
  110  12:58  Stalker x6  
  110  12:59  Stalker  
  110  13:03  Gateway  
  110  13:05  Gateway  
  114  13:07  Gateway  
  110  13:21  Disruptor  
  113  13:36  Stalker  
  115  13:53  Disruptor  
  110  14:10  Stalker x3  
  110  14:11  Stalker x4  
Tags
 
Add a new tag
Caveats
  • Supply blocks, unpowered buildings, or Contaminate may cause inaccurate times.
  • Supply counts are checked every 10 seconds.